 Dungeon Crawl Stone Soup version 0.22-a0-223-g0f5d773 (webtiles) character file.

823 RoseArtemis the Firebug (level 7, -6/58 HPs)
             Began as a Red Draconian Fire Elementalist on Feb 18, 2018.
             Was a Follower of Vehumet.
             Shot with an arrow by a centaur (16 damage)
             ... on level 5 of the Dungeon.
             The game lasted 00:31:26 (5398 turns).

RoseArtemis the Firebug (DrFE)                      Turns: 5398, Time: 00:31:27

Health: -6/58      AC:  6    Str: 10    XL:     7   Next: 63%
Magic:  15/23      EV: 12    Int: 18    God:    Vehumet [*.....]
Gold:   274        SH:  0    Dex: 11    Spells: 8/15 levels left

rFire    + . .     SeeInvis .   u - +2 scythe (venom)
rCold    . . .     Gourm    .   (shield currently unavailable)
rNeg     . . .     Faith    .   (armour unavailable)
rPois    .         Spirit   .   (helmet restricted)
rElec    .         Reflect  .   (no cloak)
rCorr    .         Harm     .   (no gloves)
MR       .....                  (no boots)
Stlth    ++........             (no amulet)
HPRegen  0.19/turn              v - ring of magical power
MPRegen  0.18/turn              (no ring)

@: no status effects
A: breathe fire, unfitting armour, fire resistance 1, cold-blooded, AC +6
a: Breathe Fire, Renounce Religion


You were on level 5 of the Dungeon.
You worshipped Vehumet.
Vehumet was aware of your devotion.
You were very hungry.

You visited 1 branch of the dungeon, and saw 5 of its levels.

You collected 274 gold pieces.

Inventory:

Hand Weapons
 u - a +2 scythe of venom (weapon)
Jewellery
 v - a ring of magical power (left hand)
 w - a +2 ring of strength {unknown}
Wands
 s - a wand of flame (33)
Scrolls
 b - a scroll of random uselessness {unknown}
 c - a scroll of teleportation {unknown}
 d - 2 scrolls of remove curse
 f - 2 scrolls of enchant weapon {unknown}
 g - a scroll of magic mapping {unknown}
 m - a scroll of immolation {unknown}
 n - a scroll of blinking {unknown}
 o - 2 scrolls of amnesia {unknown}
 t - a scroll of fog {unknown}
 x - a scroll of fear {unknown}
 y - a scroll of identify
Potions
 e - a potion of mutation {unknown}
 h - a potion of lignification {unknown}
 i - 2 potions of agility
 j - 2 potions of berserk rage
 k - 5 potions of curing
 l - a potion of haste {unknown}
 p - a potion of degeneration {unknown}
 q - a potion of cancellation {unknown}
 r - a potion of flight {unknown}
 z - a potion of heal wounds {unknown}
Comestibles
 a - 3 rations


   Skills:
 + Level 3.8 Fighting
 - Level 2.6 Dodging
 - Level 1.7 Stealth
 + Level 4.9 Spellcasting
 + Level 2.7 Conjurations
 * Level 6.7 Fire Magic


You had 8 spell levels left.
You knew the following spells:

 Your Spells              Type           Power        Failure   Level  Hunger
a - Flame Tongue          Conj/Fire      ###..        1%          1    None
b - Conjure Flame         Conj/Fire      ###.....     5%          3    ###....
c - Throw Flame           Conj/Fire      ###...       2%          2    #......
d - Sting                 Conj/Pois      #...         8%          1    None


Dungeon Overview and Level Annotations

Branches:
Dungeon (5/15)
 Temple: D:4-7

Altars:
Fedhas
Kikubaaqudgha
Okawaru
Ru
Vehumet

Shops:
D:5 [


Innate Abilities, Weirdness & Mutations

You can breathe blasts of fire.
Your fiery red scales are hard. (AC +6)
You cannot fit into any form of body armour.
Your flesh is heat resistant. (rF+)
You are cold-blooded and may be slowed by cold attacks.


Message History

Press: ? - help, Shift-Dir - straight line, f/p - centaur
Aim: a centaur, wielding a shortbow (severely wounded)
The flame tongue hits the centaur.
The centaur is severely wounded.
The centaur shoots an arrow.
The arrow hits you but does no damage.
Casting: Flame Tongue (safe; 1% risk of failure)
Confirm with . or Enter, or press ? or * to list all spells.
Aiming: Flame Tongue (safe; 1% risk of failure)
Press: ? - help, Shift-Dir - straight line, f/p - centaur
Aim: a centaur, wielding a shortbow (severely wounded)
The flame tongue hits the centaur.
The centaur appears unharmed.
The centaur is severely wounded.
The centaur shoots an arrow.
The arrow hits you!
* * * LOW HITPOINT WARNING * * *
The centaur shoots an arrow.
The arrow misses you.
The centaur shoots an arrow.
The arrow hits you.
* * * LOW HITPOINT WARNING * * *
You see here an arrow.
The centaur shoots an arrow.
The arrow hits you!
You die...

#.. #####... #.....# #..
#..##... #.....# . #..
#..##[.. .##......
...##..##..##).. ........
.........8.8.8.. #.....#
##..<..⌠.⌠...
.##.....#######..##8.∩.8..
..........(..##..##.⌠.⌠...
#....((@.........8.8.8..
#.....##...##...........
#.c...##...##..####.##..
#...........########.###'
##...............#...#...
#....<##...##...#...#...
#.....##...##...+.......
#.....##................
.> .....##..#.#...♣..


You could see a centaur.

Vanquished Creatures
  Sigmund (D:4)
  A bullfrog (D:4)
  2 vampire bats (D:4)
  A crimson imp (D:5)
  2 orc wizards (D:4)
  A bullfrog skeleton (D:4)
  2 orc priests (D:4)
  Terence (D:1)
  An iguana (D:4)
  4 worker ants (D:4)
  7 adders
  An ooze (D:1)
  4 worms
  4 dart slugs
  4 leopard geckos
  2 orcs (D:4)
  2 ball pythons
  6 bat skeletons (D:4)
  A bat zombie (D:4)
  6 giant cockroaches
  9 goblins
  6 hobgoblins
  5 jackals
  4 kobolds
  3 quokkas
  6 bats
  8 frilled lizards
  10 rats
104 creatures vanquished.

Vanquished Creatures (others)
  An orc wizard (D:4)
1 creature vanquished.

Grand Total: 105 creatures vanquished

Notes
Turn   | Place    | Note
-------+----------+-------------------------------------------
     0 | D:1      | RoseArtemis the Draconian Fire Elementalist began the quest for the Orb.
     0 | D:1      | Reached XP level 1. HP: 14/14 MP: 3/3
   178 | D:1      | Reached XP level 2. HP: 22/22 MP: 3/5
   664 | D:1      | Reached XP level 3. HP: 27/27 MP: 2/6
   798 | D:1      | Reached skill level 1 in Fighting
  1253 | D:2      | Noticed Terence
  1318 | D:1      | Killed Terence
  1410 | D:2      | Reached XP level 4. HP: 35/35 MP: 2/8
  1412 | D:2      | Found a faded altar of an unknown god.
  2229 | D:2      | Found a sacrificial altar of Ru.
  2260 | D:2      | Reached skill level 4 in Fire Magic
  2982 | D:2      | Learned a level 3 spell: Conjure Flame
  3185 | D:3      | Reached XP level 5. HP: 38/41 MP: 2/9
  3244 | D:3      | Found a blossoming altar of Fedhas.
  3616 | D:3      | Found a radiant altar of Vehumet.
  3624 | D:3      | Became a worshipper of Vehumet
  4264 | D:4      | Reached XP level 6. HP: 50/50 MP: 8/11
  4375 | D:4      | Noticed Sigmund
  4383 | D:4      | Killed Sigmund
  4383 | D:4      | Reached skill level 5 in Fire Magic
  4574 | D:4      | Your scales start taking on a fiery red colour.
  4574 | D:4      | Reached skill level 6 in Fire Magic
  4574 | D:4      | Reached XP level 7. HP: 57/57 MP: 11/13
  4574 | D:4      | Gained mutation: Your flesh is heat resistant. (rF+) [Red Draconian growth]
  4578 | D:4      | Learned a level 2 spell: Throw Flame
  4941 | D:4      | Found an ancient bone altar of Kikubaaqudgha.
  4947 | D:4      | Reached * piety under Vehumet
  4947 | D:4      | Offered knowledge of Sting by Vehumet.
  5208 | D:4      | Learned a level 1 spell: Sting
  5254 | D:5      | Entered Level 5 of the Dungeon
  5254 | D:5      | Found Aceywker's Armour Boutique.
  5286 | D:5      | Found an iron altar of Okawaru.
  5398 | D:5      | Shot with an arrow by a centaur

Vault maps used:
D:1:      dpeg_arrival_erosion, minmay_pentomino_r4
D:2:      overflow_temple_1_default, chequers_ecumenical_altar_simple_redux,
          minmay_misc_feat_doors, hangedman_decor_points, hex_intersection,
          nrook_mini_vaults, uniq_terence
D:3:      vehumet_crystals, fedhas_altar_3
D:4:      kennysheep_vampire_church, uniq_sigmund
D:5:      okawaru_trees_2, serial_shops,
          nicolae_shop_temple_entry_statues_fountains, first_ration,
          brannock_xom_greatest_gift

Skill      XL: |  1  2  3  4  5  6 |
---------------+-------------------+-----
Dodging        | 2 |  2.6
Fighting       | 1 2 3 |  3.8
Spellcasting   | 3 4 |  4.9
Fire Magic     | 4 6 |  6.7
Conjurations   | 2 |  2.7
Stealth        | |  1.7

Action                   |  1- 3 |  4- 6 |  7- 9 || total
-------------------------+-------+-------+-------++-------
Melee: Unarmed           |    17 |       |       ||    17
       Tailslap          |     1 |       |       ||     1
       Scythe            |       |       |    14 ||    14
 Cast: Flame Tongue      |    53 |   122 |    36 ||   211
       Conjure Flame     |       |     1 |       ||     1
       Throw Flame       |       |       |     8 ||     8
       Sting             |       |       |     4 ||     4
 Abil: Breathe Fire      |       |       |     1 ||     1
Evoke: Wand              |       |     1 |       ||     1
  Use: Scroll            |       |     4 |     1 ||     5
  Eat: Chunk             |     2 |     8 |       ||    10
       Ration            |       |     1 |       ||     1
Armor: Skin              |    11 |    17 |    26 ||    54
Dodge: Dodged            |    26 |    40 |    42 ||   108

Table legend:
 A = Spawn XP
 B = Non-spawn XP
 C = Spawn XP percentage of total XP
 D = Spawn monster count
 E = Non-spawn monster count
 F = Spawn count percentage of total count
 G = Total turns spent on level
                    A         B        C        D         E        F      G
               +---------+---------+-------+---------+---------+-------+---------
         Total |       0 |    1176 |   0.0 |       0 |     105 |   0.0 |  5398
               +---------+---------+-------+---------+---------+-------+---------
           D:1 |       0 |      91 |   0.0 |       0 |      26 |   0.0 |  1325
           D:2 |       0 |      85 |   0.0 |       0 |      30 |   0.0 |  1658
           D:3 |       0 |      66 |   0.0 |       0 |      17 |   0.0 |   817
           D:4 |       0 |     884 |   0.0 |       0 |      31 |   0.0 |  1454
           D:5 |       0 |      50 |   0.0 |       0 |       1 |   0.0 |   144
               +---------+---------+-------+---------+---------+-------+---------
